 Dungeon Crawl Stone Soup version 0.24.0-28-g17ded55e90 (webtiles) character file.

Game seed: 12246407200837731555, levelgen mode: deterministic

60505 Flugslaktarn the Severer (level 14, -8/132 HPs)
             Began as a Deep Dwarf Fighter on Nov 11, 2019.
             Was the Champion of Makhleb.
             Mangled by a spectral tyrant leech (26 damage)
             ... called from beyond by a ghost crab
             ... on level 2 of the Swamp.
             The game lasted 00:12:42 (13232 turns).

Flugslaktarn the Severer (Deep Dwarf Fighter)      Turns: 13232, Time: 00:12:42

Health: -8/132     AC: 20    Str: 30    XL:     14   Next: 57%
Magic:  0/0        EV:  8    Int: 15    God:    Makhleb [******]
Gold:   1180       SH: 13    Dex: 14    Spells: 13/13 levels left

rFire    . . .     SeeInvis .   S - +3 war axe "Nuukerih" {drain, rElec rC+}
rCold    + . .     Gourm    .   c - +0 shield
rNeg     + . .     Faith    +   b - +1 chain mail of Moral Flaws {+Blink}
rPois    +         Spirit   .   M - +1 hat
rElec    +         Reflect  .   L - +0 cloak (curse)
rCorr    .         Harm     .   (no gloves)
MR       ++...                  B - +1 pair of boots "Berithab" {Dex+2}
Stlth    ..........             j - amulet of faith
HPRegen  0.00/turn              o - ring of poison resistance
MPRegen  0.07/turn              K - ring of Wopapt {AC+3 Int+6}

@: mighty, lethally poisoned (-8 -> -8), marked, non-regenerating, hasted,
drained, slow
A: damage resistance, heal wounds, negative energy resistance 1, sense
surroundings 2, no regeneration
a: Heal Wounds, Minor Destruction, Lesser Servant of Makhleb, Major Destruction,
Greater Servant of Makhleb, Renounce Religion, Evoke Blink


You were on level 2 of the Swamp.
You worshipped Makhleb.
Makhleb was exalted by your worship.
You were hungry.

You visited 4 branches of the dungeon, and saw 20 of its levels.
You also visited: Bailey and Gauntlet.

You collected 1180 gold pieces.

Inventory:

Hand Weapons
 a - the +4 war axe "Hydrabane" {protect, +Blink rPois Str+3}
   (You found it on level 11 of the Dungeon)

   It grants its wielder temporary protection when it strikes (+7 to AC).
   It affects your strength (+3).
   It protects you from poison.
   It lets you blink.
 l - a +0 broad axe
   (You found it on level 7 of the Dungeon)
 I - a +0 scimitar of flaming
   (You took it off Erica on level 1 of the Lair of Beasts)
 S - the +3 war axe "Nuukerih" (weapon) {drain, rElec rC+}
   (You found it on level 6 of the Lair of Beasts)

   A truly terrible weapon, it drains the life of those it strikes.
   It protects you from cold.
   It insulates you from electricity.
Armour
 b - the +1 chain mail of Moral Flaws (worn) {+Blink}
   (You found it in a Gauntlet)

   It lets you blink.
 c - a +0 shield (worn)
 B - the +1 pair of boots "Berithab" (worn) {Dex+2}
   (You found it in a Gauntlet)

   It affects your dexterity (+2).
 D - the +1 chain mail "Aruoff" {Dex+4}
   (You found it on level 8 of the Dungeon)

   It affects your dexterity (+4).
 L - a cursed +0 cloak (worn)
   (You found it on level 3 of the Lair of Beasts)
 M - a +1 hat (worn)
   (You found it on level 3 of the Lair of Beasts)
Jewellery
 j - an amulet of faith (around neck)
   (You found it on level 11 of the Dungeon)
 o - a ring of poison resistance (left hand)
   (You found it on level 8 of the Dungeon)
 J - an uncursed amulet of harm {unknown}
   (You found it on level 2 of the Lair of Beasts)
 K - the ring of Wopapt (right hand) {AC+3 Int+6}
   (You took it off a minotaur in a Gauntlet)

   [ring of protection]

   It affects your AC (+3).
   It affects your intelligence (+6).
 R - an uncursed amulet of harm {unknown}
   (You found it on level 2 of the Swamp)
Wands
 p - a wand of acid (9)
   (You found it on level 6 of the Dungeon)
 v - a wand of digging (5)
   (You found it on level 4 of the Lair of Beasts)
 E - a wand of paralysis (15)
   (You found it in a Gauntlet)
 O - a wand of iceblast (7)
   (You found it on level 4 of the Lair of Beasts)
Scrolls
 f - 2 scrolls of fog
 i - 4 scrolls of fear
 t - 4 scrolls of teleportation
 w - 11 scrolls of remove curse
 y - 2 scrolls of vulnerability
 z - 2 scrolls of blinking
 A - 5 scrolls of enchant armour
 F - a scroll of summoning
 G - 2 scrolls of magic mapping
 N - 3 scrolls of enchant weapon
 T - a scroll of brand weapon {unknown}
Potions
 d - 3 potions of might
 h - 3 potions of haste
 k - 7 potions of mutation
 m - 2 potions of heal wounds
 n - a potion of resistance
 q - 9 potions of curing
 s - a potion of agility
 u - 2 potions of magic
 x - a potion of invisibility
 C - 5 potions of lignification
 H - 4 potions of brilliance
 P - a potion of ambrosia
 Q - a potion of flight
Miscellaneous
 g - a box of beasts
Comestibles
 e - 19 rations
 r - 3 chunks of flesh


   Skills:
 + Level 10.0(9.0) Fighting
 * Level 15.3(14.3) Axes
 + Level 11.6(10.7) Armour
 + Level 11.7(10.7) Shields
 + Level 12.4(11.4) Invocations
 + Level 10.3(9.4) Evocations


You had 13 spell levels left.
You didn't know any spells.
Your spell library was empty.

Dungeon Overview and Level Annotations

Branches:
Dungeon (11/15)            Temple (1/1) D:5            Lair (6/6) D:10
  Swamp (2/4) Lair:3       Spider (0/4) Lair:2        Slime (0/5) Lair:6
    Orc (0/2) D:9          Bailey (visited)         Gauntlet (visited)

Altars:
Ashenzari
Cheibriados
Dithmenos
Elyvilon
Fedhas
Gozag
Hepliaklqana
Kikubaaqudgha
Makhleb
Nemelex Xobeh
Okawaru
Qazlal
Ru
Sif Muna
Trog
Uskayaw
Vehumet
Wu Jian
Xom
Yredelemnul
Zin
The Shining One
Jiyva

Shops:
D:5 (   D:6 *

Annotations:
Lair:1 exclusion: orange crystal statue
Lair:5 exclusion: oklob plant
Swamp:2 2 transporters, Piask's ghost, adept FoAK


Innate Abilities, Weirdness & Mutations

You are resistant to damage.
You can heal yourself by infusing magical energy.
You resist negative energy. (rN+)
You passively map the area around you.
You do not regenerate.


Message History

You partially resist.
You feel drained.
Your unstable footing causes you to fumble your attack.
You are engulfed in spectral mist.
You block the bog body's attack. The bog body barely misses you.
The spectral tyrant leech barely misses you.
You block the ghost crab's attack. The ghost crab claws you!
* * * LOW HITPOINT WARNING * * *
You partially resist.
You feel drained.
Unknown command.
Your shield and chain mail of Moral Flaws prevent you from hitting the ghost crab.
The ghost crab is almost destroyed.
You barely miss the spectral tyrant leech.
You completely miss the spectral tyrant leech.
You closely miss the spectral tyrant leech.
You slash the spectral alligator! You hit the bog body.
You block the spectral alligator's attack.
The spectral alligator tail-slaps you but does no damage.
You block the spectral tyrant leech's attack.
The spectral tyrant leech bites you!!
You die...

.8#(.#.* .≈ * ♣♣
≈§ .##.?#.♣ ♣.≈.
♣♣..≈. .....#.♣
♣≈..♣♣..♣≈.*
ZZ..©#.♣
♣≈..♣≈≈≈≈♣*
######.♣
♣≈§...☼♣.♣
.......♣
♣..§○☼☼○.♣
.....♣ ♣☼☼Z§°♣.♣
≈≈≈≈♣♣ ♣Ztn≈○°♣*
≈.≈≈♣ ♣☼@Z♣†○♣♣
♣.≈.♣ ♣ZZZ○†♣.♣
..≈.♣ ♣☼°≈Z..♣♣
≈≈≈≈♣ ♣.≈≈♣.♣♣
≈♣♣≈♣ ♣♣.≈≈≈♣
≈≈≈.♣♣ ♣..♣≈≈♣
≈....♣♣ ♣.≈≈≈.♣♣
..♣≈..♣♣♣
♣♣...≈≈.♣ ♣♣♣
≈≈≈≈≈≈..♣♣
♣≈§≈.≈§.♣♣♣♣♣♣.♣


You could see a ghost crab, 3 spectral tyrant leeches, a spectral alligator, a
spectral four-headed hydra, a spectral spiny frog, a spectral swamp dragon and a
bog body.

Vanquished Creatures
  Josephine (Lair:6)
  2 hydras
  Erica (Lair:1)
  A merfolk avatar (Lair:6)
  2 shambling mangroves (Swamp:2)
  5 alligators
  A queen ant (Gauntlet)
  2 death yaks (Lair:2)
  Urug (Lair:6)
  Sonja (Lair:6)
  An unseen horror (D:10)
  2 harpies (Lair:6)
  An ugly thing (D:10)
  11 elephants
  2 black mambas
  Psyche (D:11)
  14 spiny frogs
  2 torpor snails
  6 rime drakes (Lair:6)
  10 komodo dragons
  6 polar bears
  3 trolls
  6 tyrant leeches
  2 wind drakes (Lair:6)
  7 hornets
  18 blink frogs
  3 bog bodies
  11 dream sheep
  8 hippogriffs
  6 flying skulls (Gauntlet)
  3 wyverns
  4 spriggans
  3 wraiths (Lair:6)
  36 yaks
  Eustachio (D:6)
  A basilisk (Lair:4)
  12 vampire mosquitoes
  7 swamp worms
  5 soldier ants (Gauntlet)
  11 water moccasins
  6 porcupines
  3 black bears
  5 orc warriors
  A sky beast (D:8)
  5 swamp drakes
  An eye of draining (D:8)
  5 ice beasts
  2 necrophages
  6 ogres
  3 centaurs
  19 wolves
  2 big kobolds
  12 crocodiles
  13 bullfrogs
  A scorpion (D:4)
  A water moccasin skeleton (D:6)
  3 wights (D:8)
  2 electric eels
  4 crimson imps
  2 jellies
  11 orc priests
  4 hounds (D:10)
  An iron imp (D:8)
  A bullfrog skeleton (D:5)
  2 centaur skeletons
  5 iguanas
  7 worker ants
  10 orc wizards
  A howler monkey zombie (D:9)
  3 worker ant zombies
  6 gnolls
  5 adders
  2 shadow imps
  An adder zombie (D:6)
  2 adder skeletons
  2 dart slugs
  3 leopard geckos
  31 orcs
  3 ball pythons
  A bat (D:2)
  4 giant cockroaches
  4 hobgoblins
  4 jackals (D:6)
  8 kobolds
  4 quokkas
  3 frilled lizards
  11 goblins
  6 fungi
  5 plants
466 creatures vanquished.

Vanquished Creatures (collateral kills)
  A minotaur (Gauntlet)
  2 hydras
  A troll (D:11)
  A centaur (D:11)
  A crocodile (Lair:5)
  A plant (Lair:5)
7 creatures vanquished.

Vanquished Creatures (others)
  A spriggan druid (Swamp:2)
  A hornet (Swamp:2)
  2 spriggans (Swamp:2)
  2 swamp worms (Swamp:2)
  A swamp drake (Swamp:2)
  4 fungi
  8 plants (Lair:6)
19 creatures vanquished.

Grand Total: 492 creatures vanquished

Notes
Turn   | Place    | Note
-------+----------+-------------------------------------------
     0 | D:1      | Flugslaktarn the Deep Dwarf Fighter began the quest for the
                  | Orb.
     0 | D:1      | Reached XP level 1. HP: 20/20 MP: 1/1
   158 | D:2      | Found a sparkling altar of Nemelex Xobeh.
   295 | D:2      | Reached XP level 2. HP: 27/27 MP: 2/2
   400 | D:3      | Reached skill level 3 in Axes
   400 | D:3      | Reached XP level 3. HP: 27/34 MP: 3/3
   466 | D:4      | Reached XP level 4. HP: 20/42 MP: 4/4
   484 | D:4      | Reached skill level 4 in Axes
   484 | D:4      | Reached XP level 5. HP: 17/49 MP: 5/5
   658 | D:4      | Found a shadowy altar of Dithmenos.
   935 | D:4      | Got a warped scale mail
   946 | D:4      | Identified the cursed +0 scale mail of the Maze {-Tele
                  | rCorr SInv Stlth+} (You found it on level 4 of the Dungeon)
  1076 | D:4      | Reached XP level 6. HP: 49/56 MP: 4/4
  1181 | D:5      | Entered Level 5 of the Dungeon
  1213 | D:5      | Noticed an ice beast
  1221 | D:5      | Reached skill level 5 in Axes
  1228 | D:5      | Killed an ice beast
  1337 | D:5      | Reached XP level 7. HP: 19/64 MP: 5/5
  1451 | D:5      | Reached skill level 5 in Armour
  1451 | D:5      | Reached skill level 5 in Shields
  1460 | D:5      | Found a bloodstained altar of Trog.
  1503 | D:5      | Found Idowoimi's Weapon Boutique.
  1711 | D:5      | Found a staircase to the Ecumenical Temple.
  1744 | Temple   | Entered the Ecumenical Temple
  1871 | Temple   | Became a worshipper of Makhleb the Destroyer
  1945 | D:6      | Found a shadowy altar of Dithmenos.
  2032 | D:6      | Reached skill level 6 in Axes
  2082 | D:6      | Reached skill level 1 in Invocations
  2131 | D:6      | Found a white marble altar of Elyvilon.
  2131 | D:6      | Found a glowing golden altar of the Shining One.
  2131 | D:6      | Found a shimmering altar of Xom.
  2307 | D:6      | Found an opulent altar of Gozag.
  2416 | D:6      | Noticed Eustachio
  2451 | D:6      | Killed Eustachio
  2451 | D:6      | Reached XP level 8. HP: 18/73 MP: 5/5
  2584 | D:6      | Found Zonug's Serpentskin Sales.
  2660 | D:6      | Reached skill level 7 in Axes
  2703 | D:6      | Reached * piety under Makhleb
  3191 | D:7      | Reached skill level 5 in Fighting
  3520 | D:8      | Reached skill level 8 in Axes
  3531 | D:8      | Gained mutation: You passively map the area around you.
                  | [Deep Dwarf growth]
  3531 | D:8      | Reached XP level 9. HP: 45/81 MP: 7/7
  3604 | D:8      | Reached skill level 5 in Invocations
  3724 | D:8      | Found a flagged portal.
  3735 | Bailey   | Entered a bailey
  3736 | Bailey   | Noticed an orc knight
  3736 | Bailey   | Noticed an orc knight
  3777 | D:8      | Reached skill level 9 in Axes
  3848 | D:8      | Found a glowing silver altar of Zin.
  3988 | D:8      | Found a snail-covered altar of Cheibriados.
  3996 | D:8      | Reached ** piety under Makhleb
  4119 | D:8      | Reached XP level 10. HP: 60/91 MP: 3/3
  4221 | D:8      | Got a faintly humming chain mail
  4254 | D:8      | Identified the cursed +1 chain mail "Aruoff" {Dex+4} (You
                  | found it on level 8 of the Dungeon)
  4768 | D:9      | Found a staircase to the Orcish Mines.
  4801 | D:9      | Reached *** piety under Makhleb
  4804 | D:9      | Reached skill level 10 in Axes
  5445 | D:10     | Entered Level 10 of the Dungeon
  5545 | D:10     | Killed an unseen horror
  5711 | D:10     | Found a staircase to the Lair.
  5801 | D:10     | Reached skill level 1 in Evocations
  5853 | D:10     | Noticed a green ugly thing
  5863 | D:10     | Killed a green ugly thing
  5863 | D:10     | Reached skill level 11 in Axes
  6267 | D:11     | Reached **** piety under Makhleb
  6277 | D:11     | Reached XP level 11. HP: 100/100 MP: 3/3
  6384 | D:11     | Got a pitted war axe
  6385 | D:11     | Identified the +4 war axe "Hydrabane" {protect, +Blink
                  | rPois Str+3} (You found it on level 11 of the Dungeon)
  6434 | D:11     | Found a gate leading to a gauntlet.
  6445 | Gauntlet | Entered a Gauntlet
  6445 | Gauntlet | Found a transporter.
  6445 | Gauntlet | Found a transporter.
  6445 | Gauntlet | Found a runed translucent door.
  6445 | Gauntlet | Found a runed translucent door.
  6453 | Gauntlet | Found a transporter.
  6457 | Gauntlet | Found a transporter.
  6469 | Gauntlet | Found a transporter.
  6469 | Gauntlet | Found a transporter.
  6477 | Gauntlet | Found a transporter.
  6493 | Gauntlet | Found a transporter.
  6493 | Gauntlet | Noticed an orange crystal statue
  6507 | Gauntlet | Found a transporter.
  6511 | Gauntlet | Found a transporter.
  6513 | Gauntlet | Noticed a queen ant
  6519 | Gauntlet | Found a transporter.
  6523 | Gauntlet | Found a transporter.
  6547 | Gauntlet | Noticed a death scarab
  6693 | Gauntlet | Found a runed translucent door.
  6727 | Gauntlet | Killed a queen ant
  6732 | Gauntlet | Got a transparent chain mail
  6749 | Gauntlet | Identified the +1 chain mail of Moral Flaws {+Blink} (You
                  | found it in a Gauntlet)
  6806 | Gauntlet | Got a pair of heavily runed boots
  6812 | Gauntlet | Identified the +1 pair of boots "Berithab" {Dex+2} (You
                  | found it in a Gauntlet)
  6824 | Gauntlet | Identified the ring of Wopapt {AC+3 Int+6}
  6824 | Gauntlet | Noticed a minotaur
  6836 | Gauntlet | Killed a minotaur
  6951 | D:11     | Noticed a four-headed hydra
  6980 | D:11     | Killed a four-headed hydra
  6980 | D:11     | Reached skill level 12 in Axes
  7246 | D:11     | Noticed Psyche
  7264 | D:11     | Killed Psyche
  7264 | D:11     | Reached skill level 5 in Evocations
  7583 | Lair:1   | Entered Level 1 of the Lair of Beasts
  7726 | Lair:1   | Reached ***** piety under Makhleb
  7726 | Lair:1   | Reached XP level 12. HP: 110/110 MP: 1/3
  7900 | Lair:1   | Noticed Erica
  7920 | Lair:1   | Killed Erica
  8037 | Lair:2   | Noticed a death yak
  8037 | Lair:2   | Noticed a death yak
  8046 | Lair:2   | Killed a death yak
  8069 | Lair:2   | Killed a death yak
  8185 | Lair:2   | Found a hole to the Spider Nest.
  8353 | Lair:2   | Noticed a six-headed hydra
  8366 | Lair:2   | Killed an 11-headed hydra
  8642 | Lair:3   | Reached skill level 10 in Invocations
  8739 | Lair:3   | Reached skill level 13 in Axes
  8788 | Lair:3   | Reached skill level 10 in Shields
  8795 | Lair:3   | Reached skill level 10 in Armour
  9047 | Lair:3   | Found a staircase to the Swamp.
  9687 | Lair:4   | Reached XP level 13. HP: 69/118 MP: 2/2
 10228 | Lair:5   | Reached ****** piety under Makhleb
 10232 | Lair:5   | Reached skill level 14 in Axes
 10358 | Lair:5   | You fall into a shaft and drop 1 floor!
 10358 | Lair:6   | Entered Level 6 of the Lair of Beasts
 10492 | Lair:6   | Found a viscous altar of Jiyva.
 10493 | Lair:6   | Found a staircase to the Slime Pits.
 10543 | Lair:6   | Noticed Sonja
 10608 | Lair:6   | Noticed Josephine
 10640 | Lair:6   | Killed Josephine
 10838 | Lair:6   | Noticed Urug
 10872 | Lair:6   | Killed Urug
 10944 | Lair:6   | Killed Sonja
 11026 | Lair:6   | Gained mutation: You resist negative energy. (rN+) [Deep
                  | Dwarf growth]
 11026 | Lair:6   | Reached XP level 14. HP: 81/129 MP: 3/3
 11239 | Lair:6   | Got a dazzling war axe
 11240 | Lair:6   | Identified the +3 war axe "Nuukerih" {drain, rElec rC+}
                  | (You found it on level 6 of the Lair of Beasts)
 12194 | Swamp:1  | Entered Level 1 of the Swamp
 12320 | Swamp:1  | Reached skill level 15 in Axes
 12762 | Swamp:1  | Reached skill level 10 in Evocations
 12972 | Swamp:2  | Noticed Piask's ghost (adept FoAK)
 12973 | Swamp:2  | Found a transporter.
 12978 | Swamp:2  | Found a transporter.
 13222 | Swamp:2  | Reached skill level 10 in Fighting
 13232 | Swamp:2  | Mangled by a spectral tyrant leech

Levels and vault maps discovered:
D:1:      tarquinn_simple_flora_water_f, layout_basic
D:2:      layout_basic, first_ration, nemelex_spade_bored_becter
D:3:      layout_basic
D:4:      layout_basic, grunt_dithmenos_smoke
D:5:      layout_rooms, minmay_temple_entry_nine_rooms, serial_shops,
          nicolae_shop_waterfront, chequers_serial_rivers_micro_b,
          minmay_misc_feat_rugged, minmay_misc_feat_x, trog_hazing_becter
D:6:      layout_cave_pods, gammafunk_temple_overflow_forgotten,
          nicolae_gozag_seed_capital, basic_altar, guppyfry_shop_venom,
          uniq_eustachio
D:7:      layout_basic
D:8:      layout_loops_ring, slow_altar_1, zin_treasury, enter_bailey_8,
          grunt_pizzeria
D:9:      layout_stronghold, erik_orc_3
D:10:     layout_stronghold, erik_lair_island, nicolae_lava_and_water
D:11:     layout_irregular_city, gauntlet_entry_generic, uniq_psyche
Temple:   nicolae_temple_elliptical
Lair:1:   layout_big_grid, chequers_serial_rivers_micro_a, disabler_island,
          uniq_erica
Lair:2:   layout_hall_layers, dummy_spider_entry
Lair:3:   layout_misc_corridors, skrybe_swamp_entry_bodies,
          cheibrodos_lair_lostbears
Lair:4:   layout_hall_layers, grunt_megastairs_5
Lair:5:   layout_gridlike
Lair:6:   gammafunk_lair_ancient_temple, layout_gridlike, slime_altar_1,
          uniq_urug, uniq_josephine, uniq_sonja
Swamp:1:  layout_basic_swamp, evilmike_swamp_ruin_rubble_2, swamp_pool2,
          grunt_lady_of_the_lake
Swamp:2:  layout_falls_marsh, gammafunk_ghost_mausoleum,
          evilmike_swamp_ruin_rubble_1, swamp_pool2, infiniplex_staircase_pool

Skill      XL: |  1  2  3  4  5  6  7  8  9 10 11 12 13 14 |
---------------+-------------------------------------------+-----
Fighting       | 3 4 5 6 7 8 9 10 | 10.0
Axes           | 3 4 5 6 8 9 11 12 13 14 15 | 15.3
Armour         | 4 5 6 7 8 9 10 11 | 11.6
Shields        | 4 5 6 7 8 9 10 11 | 11.7
Invocations    | 2 4 6 7 9 10 11 12 | 12.4
Evocations     | 2 5 7 9 10 | 10.3

Action                   |  1- 3 |  4- 6 |  7- 9 | 10-12 | 13-15 || total
-------------------------+-------+-------+-------+-------+-------++-------
Melee: War axe           |    40 |   126 |   199 |   541 |   729 ||  1635
       Broad axe         |       |       |   208 |   262 |       ||   470
Invok: Lesser Servant of |       |       |       |     4 |     3 ||     7
 Abil: Heal Wounds       |       |     8 |    19 |    24 |    12 ||    63
Evoke: Wand              |       |       |       |    14 |     7 ||    21
  Use: Scroll            |       |       |       |    20 |    10 ||    30
       Potion            |       |       |       |       |     4 ||     4
 Stab: Paralysed         |       |       |       |       |     1 ||     1
  Eat: Chunk             |       |     2 |    10 |    19 |    12 ||    43
Armor: Scale mail        |    14 |    56 |   166 |     4 |       ||   240
       Chain mail        |       |       |       |   500 |   455 ||   955
Dodge: Dodged            |    17 |    33 |   127 |   251 |   243 ||   671
Block: Shield            |    30 |    74 |   288 |   587 |   537 ||  1516
